 Dungeon Crawl Stone Soup version 0.30.0-10-gfe55d96785 (webtiles) character file.

Game seed: 15089308071990338599

238 snarfax the Chopper (level 6, 0/51 HPs)
             Began as a Hill Orc Fighter on May 15, 2023.
             Slain by an iguana (11 damage)
             ... on level 4 of the Dungeon.
             The game lasted 00:10:36 (2792 turns).

snarfax the Chopper (Hill Orc Fighter)              Turns: 2792, Time: 00:10:37

Health: 0/51       AC:  2    Str: 21    XL:     6   Next: 7%
Magic:  6/6        EV:  9    Int:  8    God:
Gold:   60         SH:  6    Dex: 10    Spells: 5/5 levels left

rFire   . . .        a - +0 war axe
rCold   . . .        c - +1 buckler
rNeg    . . .        b - +0 scale mail
rPois   .            (no helmet)
rElec   .            (no cloak)
rCorr   .            (no gloves)
SInv    .            (no boots)
Will    .....        (no amulet) Stlth
                     (no ring)
HPRegen 0.28/turn    (no ring)
MPRegen 0.10/turn

%: no passive effects
@: corroded, studying Dodging
A: no striking features
a: no special abilities


You were on level 4 of the Dungeon.
You visited 1 branch of the dungeon, and saw 4 of its levels.

You collected 99 gold pieces.
You spent 39 gold pieces at shops.

Inventory:

Hand Weapons
 a - a +0 war axe (weapon)
Armour
 b - a +0 scale mail (worn)
 c - a +1 buckler (worn)
Scrolls
 l - a scroll of teleportation
 n - 2 scrolls of vulnerability
Potions
 d - 2 potions of might
 h - 2 potions of attraction {unknown}
 i - 2 potions of flight
 k - 2 potions of curing {unknown}


   Skills:
 - Level 3.6 Fighting
 + Level 6.7 Axes
 - Level 3.2 Armour
 + Level 0.0 Dodging
 - Level 5.0 Shields


You had 5 spell levels left.
You didn't know any spells.
Your spell library was empty.

Dungeon Overview and Level Annotations

Branches:
Dungeon (4/15)
 Temple: D:4-7

Altars:

Shops:
D:2 *


Message History

Where to? (Enter - D:9, ? - help)
What level of the Dungeon? (default 1, ? - help)
There is a stone staircase leading down here.
You climb downwards.
The endoplasm quivers.
The jelly quivers.
The iguana barely misses you.
Found five items.
Found a stone staircase leading up.
There is a stone staircase leading up here.
There are monsters nearby!
You slash the iguana!
The iguana is heavily wounded.
You block the iguana's attack.
You closely miss the iguana.
The iguana is heavily wounded.
You hit the endoplasm. The iguana barely misses you.
The endoplasm hits you but does no damage.
You closely miss the iguana.
The iguana is heavily wounded.
You hit the jelly.
Your hands burn!
You hit the endoplasm. The iguana barely misses you.
The jelly hits you but does no damage. The endoplasm hits you.
You slash the iguana!
The iguana is almost dead.
You slash the endoplasm!
You kill the endoplasm!
You slash the jelly! The acid corrodes you!
Your hands burn!
The iguana bites you. The jelly hits you.
You are splashed with acid!
The iguana bites you! The jelly closely misses you.
You closely miss the iguana.
The iguana is almost dead.
You hit the jelly but do no damage.
Your hands burn!
* * * LOW HITPOINT WARNING * * *
The iguana bites you but does no damage.
You block the jelly's attack.
You closely miss the iguana.
The iguana is almost dead.
You hit the jelly.
Your hands burn!
* * * LOW HITPOINT WARNING * * *
The iguana bites you!
You die...

..#.#.... #.
.#..###.... #. ..#
..##.... #.#
###...##....... .
##.[##...............
..##......$...#
#..###..
.............# ##.#
##. #...l....#
#.(.###. #...@...?#
#...... #....J.....#
###......
#...................<.
##..........##.##.###.
.........<..# ... ##
....##.#...... ..
....# ###...... ..?)
.....#


You could see an iguana and a jelly.

Vanquished Creatures
  An iguana (D:4)
  2 orc wizards (D:3)
  4 gnolls (D:4)
  4 adders
  An ufetubus (D:4)
  2 dart slugs
  3 orcs (D:3)
  8 ball pythons
  3 bats
  6 endoplasms
  4 giant cockroaches
  2 goblins
  10 hobgoblins
  5 jackals (D:1)
  6 kobolds
  A quokka (D:1)
  3 frilled lizards
  8 rats
73 creatures vanquished.

Notes
Turn   | Place    | Note
-------+----------+-------------------------------------------
     0 | D:1      | snarfax the Hill Orc Fighter began the quest for the Orb.
     0 | D:1      | Reached XP level 1. HP: 19/19 MP: 1/1
   118 | D:1      | Reached skill level 3 in Axes
   177 | D:1      | Reached XP level 2. HP: 26/26 MP: 2/2
   358 | D:1      | Reached XP level 3. HP: 26/31 MP: 3/3
   971 | D:2      | Reached skill level 4 in Axes
  1268 | D:2      | Found a faded altar of an unknown god.
  1492 | D:2      | Found Weisofoq's General Store.
  1499 | D:2      | Bought a scroll of teleportation for 39 gold pieces
  1773 | D:3      | Reached XP level 4. HP: 6/39 MP: 4/4
  2004 | D:3      | Reached skill level 5 in Axes
  2004 | D:3      | Reached XP level 5. HP: 7/45 MP: 5/5
  2009 | D:3      | Reached skill level 5 in Shields
  2566 | D:4      | Reached skill level 6 in Axes
  2631 | D:4      | Reached XP level 6. HP: 23/51 MP: 6/6
  2737 | D:3      | Identified a scroll of acquirement
  2737 | D:3      | Acquired a manual of Dodging
  2792 | D:4      | Slain by an iguana

Illustrated notes

Levels and vault maps discovered:
D:1:      dpeg_arrival_snail, layout_basic, wad_floor_pattern_untrapped
D:2:      layout_loops_corners, dreamdust_ecumenical_altar_hidden_monk_grotto,
          serial_shops, shop, kennysheep_big_empty_room
D:3:      layout_rooms, hangedman_decor_growths
D:4:      layout_cave_pools, roderic_batcave, kennysheep_orc_chapel

Skill      XL: |  1  2  3  4  5 |
---------------+----------------+-----
Axes           | 3 4 5 6 |  6.7
Shields        | 4 5 |  5.0
Fighting       | |  3.6
Armour         | |  3.2

Action                     |  1- 3 |  4- 6 || total
---------------------------+-------+-------++-------
  Melee: War axe           |   151 |    93 ||   244
    Use: Scroll            |     3 |     7 ||    10
         Potion            |       |     3 ||     3
 Armour: Scale mail        |    79 |    62 ||   141
  Dodge: Dodged            |    80 |    36 ||   116
  Block: Buckler           |    38 |    33 ||    71
